| TOP OF THE 1ST |
|
Pittsburgh Pirates batting - Pitching for Washington Nationals : RHP Joey Gatto
|
|
Pitching: RHP Joey Gatto
|
|
|
Batting: RHB Pat Miller
|
0-0: Ball 1-0: Called Strike 1-1: Ball 2-1: Swinging Strike 2-2: Ball 3-2: Fly out, F8 (Flyball, 89M, EV 94.4 MPH)
|
|
Batting: RHB Chris Riley
|
0-0: Foul Ball, location: 23F 0-1: Fly out, F6 (Popup, P, EV 78.8 MPH)
|
|
Batting: RHB Mauro Rodríguez
|
0-0: Ball 1-0: Called Strike 1-1: Ball 2-1: Ball 3-1: Foul Ball, location: 5FF 3-2: Fly out, F7 (Flyball, 7LS, EV 90.0 MPH)
|
| Top of the 1st over - 0 runs, 0 hits, 0 errors, 0 left on base; Pittsburgh 0 - Washington 0 |
| BOTTOM OF THE 1ST |
|
Washington Nationals batting - Pitching for Pittsburgh Pirates : RHP Erick Fedde
|
|
Pitching: RHP Erick Fedde
|
|
|
Batting: LHB Shane Mardirosian
|
0-0: Ball 1-0: Foul Ball, location: 7LSF 1-1: Ball 2-1: Reached on error, E6 (Groundball, 6M, EV 96.9 MPH)
|
|
Batting: RHB Jeremy Austin
|
0-0: Swinging Strike 0-1: Fly out, F8 (Flyball, 8RS, EV 89.4 MPH)
|
|
Batting: RHB Oscar Hernandez
|
0-0: Ball 1-0: Swinging Strike 1-1: Ball 2-1: Foul Ball, location: 9LMF 2-2: Ball 3-2: Ground out 5-3 (Groundball, 56, EV 110.0 MPH) Shane Mardirosian to second
|
|
Batting: RHB Christian Walker
|
0-0: Swinging Strike 0-1: Called Strike 0-2: Ground out 6-3 (Groundball, 6, EV 84.4 MPH)
|
| Bottom of the 1st over - 0 runs, 0 hits, 1 error, 1 left on base; Pittsburgh 0 - Washington 0 |
| TOP OF THE 2ND |
|
Pittsburgh Pirates batting - Pitching for Washington Nationals : RHP Joey Gatto
|
|
Batting: SHB Juan Reyes
|
0-0: Ball 1-0: Foul Ball, location: 5FF 1-1: Foul Ball, location: 2F 1-2: Ball 2-2: SINGLE (Groundball, 4S, EV 67.5 MPH) (infield hit)
|
|
Batting: LHB Brad McBride
|
0-0: Called Strike 0-1: Ball 1-1: Foul Ball, location: 2F 1-2: Strikes out swinging
|
|
Batting: RHB Yasiel Puig
|
0-0: Swinging Strike 0-1: Called Strike 0-2: SINGLE (Groundball, 6MD, EV 93.8 MPH) Juan Reyes to second
|
|
Batting: LHB Ronal Reynoso
|
0-0: Called Strike 0-1: Ball 1-1: Foul Ball, location: 2F 1-2: SINGLE (Groundball, 4MD, EV 107.5 MPH) Juan Reyes to third Yasiel Puig to second Runner from 3rd tries for Home, SAFE, throw by CF to home Yasiel Puig to third Ronal Reynoso to second
|
|
Batting: RHB Cristo Avilés
|
0-0: Fly out, F9 (Flyball, 9LD, EV 89.4 MPH) Runner from 3rd tags up, SCORES, no throw by RF Ronal Reynoso to third
|
|
Batting: SHB Jeremy Bowen
|
0-0: Ball 1-0: Foul Ball, location: 2F 1-1: Reached via error on a dropped throw from 1B, E1 (Groundball, 34, EV 86.3 MPH) Ronal Reynoso scores
|
|
Batting: RHB Pat Miller
|
0-0: Called Strike 0-1: DOUBLE (Line Drive, 9LM, EV 110.6 MPH) Jeremy Bowen to third Runner from 3rd tries for Home, SAFE, throw by RF to trailing runner, OUT at third! 9-3-5
|
| Top of the 2nd over - 4 runs, 4 hits, 1 error, 0 left on base; Pittsburgh 4 - Washington 0 |
| BOTTOM OF THE 2ND |
|
Washington Nationals batting - Pitching for Pittsburgh Pirates : RHP Erick Fedde
|
|
Batting: RHB Aaron Judge
|
0-0: Ball 1-0: Ball 2-0: Swinging Strike 2-1: SOLO HOME RUN (Flyball, 7LD, EV 91.3 MPH), Distance : 349 ft
|
|
Batting: SHB Lucius Fox Jr.
|
0-0: Swinging Strike 0-1: Called Strike 0-2: Foul Ball, location: 5DF 0-2: Strikes out looking
|
|
Batting: RHB Mathies Reuter
|
0-0: Ball 1-0: SINGLE (Groundball, 6S, EV 65.6 MPH) (infield hit)
|
|
Batting: LHB Ken Little
|
0-0: Ball 1-0: Foul Ball, location: 9LSFF 1-1: Ball 2-1: Fly out, F8 (Flyball, 8LXD, EV 107.5 MPH)
|
|
Batting: RHB Miguel Sano
|
0-0: Called Strike 0-1: Foul Ball, location: 3SF 0-2: Foul Ball, location: 23F 0-2: Ball 1-2: Strikes out swinging
|
| Bottom of the 2nd over - 1 run, 2 hits, 0 errors, 1 left on base; Pittsburgh 4 - Washington 1 |
| TOP OF THE 3RD |
|
Pittsburgh Pirates batting - Pitching for Washington Nationals : RHP Joey Gatto
|
|
Batting: RHB Chris Riley
|
0-0: Ball 1-0: SOLO HOME RUN (Flyball, 7D, EV 100.0 MPH), Distance : 366 ft
|
|
Batting: RHB Mauro Rodríguez
|
0-0: Called Strike 0-1: Ball 1-1: Called Strike 1-2: Ball 2-2: Strikes out swinging, 2-3 out at first.
|
|
Batting: SHB Juan Reyes
|
0-0: Ball 1-0: Foul Ball, location: 23F 1-1: Foul Ball, location: 3F 1-2: Ground out 5-3 (Groundball, 5, EV 91.3 MPH)
|
|
Batting: LHB Brad McBride
|
0-0: Ball 1-0: Foul Ball, location: 2F 1-1: SOLO HOME RUN (Flyball, 9LD, EV 96.9 MPH), Distance : 350 ft
|
|
Batting: RHB Yasiel Puig
|
0-0: Ground out 3-1 (Groundball, 34S, EV 83.1 MPH)
|
| Top of the 3rd over - 2 runs, 2 hits, 0 errors, 0 left on base; Pittsburgh 6 - Washington 1 |
| BOTTOM OF THE 3RD |
|
Washington Nationals batting - Pitching for Pittsburgh Pirates : RHP Erick Fedde
|
|
Batting: LHB Shane Mardirosian
|
0-0: Foul Ball, location: 25F 0-1: Ball 1-1: Foul Ball, location: 2F 1-2: Fly out, F6 (Line Drive, 6M, EV 66.9 MPH)
|
|
Batting: RHB Jeremy Austin
|
0-0: Ground out 4-3 (Groundball, 4M, EV 86.3 MPH)
|
|
Batting: RHB Oscar Hernandez
|
0-0: Ball 1-0: Foul Ball, location: 2F 1-1: Ball 2-1: Called Strike 2-2: Ball 3-2: Strikes out swinging
|
| Bottom of the 3rd over - 0 runs, 0 hits, 0 errors, 0 left on base; Pittsburgh 6 - Washington 1 |
| TOP OF THE 4TH |
|
Pittsburgh Pirates batting - Pitching for Washington Nationals : RHP Joey Gatto
|
|
Pitching: RHP Doug Foster
|
|
|
Batting: LHB Ronal Reynoso
|
0-0: Called Strike 0-1: Called Strike 0-2: Ground out U3 (Groundball, 34, EV 108.1 MPH)
|
|
Batting: RHB Cristo Avilés
|
0-0: Foul Ball, location: 2F 0-1: Ball 1-1: Foul Ball, location: 7LSF 1-2: Ball 2-2: Ground out 6-3 (Groundball, 6, EV 101.9 MPH)
|
|
Batting: SHB Jeremy Bowen
|
0-0: Ball 1-0: Called Strike 1-1: Called Strike 1-2: Ball 2-2: Fly out, F6 (Popup, 56, EV 77.5 MPH)
|
| Top of the 4th over - 0 runs, 0 hits, 0 errors, 0 left on base; Pittsburgh 6 - Washington 1 |
| BOTTOM OF THE 4TH |
|
Washington Nationals batting - Pitching for Pittsburgh Pirates : RHP Erick Fedde
|
|
Batting: RHB Christian Walker
|
0-0: Called Strike 0-1: Ball 1-1: Foul Ball, location: 5F 1-2: Foul Ball, location: 5F 1-2: Ball 2-2: SINGLE (Flyball, 4MD, EV 99.4 MPH)
|
|
Batting: RHB Aaron Judge
|
0-0: Ball 1-0: Ball 2-0: Ball 3-0: Base on Balls Christian Walker to second
|
|
Batting: SHB Lucius Fox Jr.
|
0-0: Ball 1-0: Called Strike 1-1: SINGLE (Groundball, 34D, EV 99.4 MPH) Christian Walker to third Aaron Judge to second
|
|
Batting: RHB Mathies Reuter
|
0-0: Fly out, F8 (Flyball, 89D, EV 111.3 MPH) Runner from 3rd tags up, SCORES, no throw by CF
|
|
Batting: LHB Ken Little
|
0-0: Foul Ball, location: 9LDF 0-1: Called Strike 0-2: Ball 1-2: Foul Ball, location: 2F 1-2: Strikes out looking
|
|
Batting: RHB Miguel Sano
|
0-0: Called Strike 0-1: Foul Ball, location: 2F 0-2: Ball 1-2: Ball 2-2: Ball 3-2: DOUBLE (Flyball, 8RXD, EV 101.3 MPH) Aaron Judge scores Lucius Fox Jr. to third Lucius Fox Jr. scores
|
|
Batting: LHB Shane Mardirosian
|
0-0: Ball 1-0: Ball 2-0: Ground out 6-3 (Groundball, 6M, EV 100.0 MPH)
|
| Bottom of the 4th over - 3 runs, 3 hits, 0 errors, 1 left on base; Pittsburgh 6 - Washington 4 |
| TOP OF THE 5TH |
|
Pittsburgh Pirates batting - Pitching for Washington Nationals : RHP Doug Foster
|
|
Batting: RHB Pat Miller
|
0-0: Called Strike 0-1: Ball 1-1: Called Strike 1-2: Ground out 4-3 (Groundball, 4, EV 92.5 MPH)
|
|
Batting: RHB Chris Riley
|
0-0: Ball 1-0: Swinging Strike 1-1: Hit by Pitch
|
|
Batting: RHB Mauro Rodríguez
|
0-0: Ball 1-0: Foul Ball, location: 2F 1-1: Grounds into double play, 5-4-3 (Groundball, 56, EV 80.0 MPH)
|
| Top of the 5th over - 0 runs, 0 hits, 0 errors, 0 left on base; Pittsburgh 6 - Washington 4 |
| BOTTOM OF THE 5TH |
|
Washington Nationals batting - Pitching for Pittsburgh Pirates : RHP Erick Fedde
|
|
Batting: RHB Jeremy Austin
|
0-0: Ball 1-0: Ground out U3 (Groundball, 13, EV 88.1 MPH)
|
|
Batting: RHB Oscar Hernandez
|
0-0: Called Strike 0-1: Foul Ball, location: 25F 0-2: Ball 1-2: Ground out 5-3 (Groundball, 56S, EV 90.6 MPH)
|
|
Batting: RHB Christian Walker
|
0-0: Ground out 1-3 (Groundball, 13S, EV 74.4 MPH)
|
| Bottom of the 5th over - 0 runs, 0 hits, 0 errors, 0 left on base; Pittsburgh 6 - Washington 4 |
| TOP OF THE 6TH |
|
Pittsburgh Pirates batting - Pitching for Washington Nationals : RHP Doug Foster
|
|
Batting: SHB Juan Reyes
|
0-0: Ground out 6-3 (Groundball, 6M, EV 101.9 MPH)
|
|
Batting: LHB Brad McBride
|
0-0: Ball 1-0: Ball 2-0: Swinging Strike 2-1: Fly out, F7 (Line Drive, 7, EV 85.6 MPH)
|
|
Batting: RHB Yasiel Puig
|
0-0: Ball 1-0: Ball 2-0: SINGLE (Groundball, 34D, EV 110.0 MPH)
|
|
Batting: LHB Ronal Reynoso
|
0-0: Foul Ball, location: 3FF 0-1: Foul Ball, location: 2RF 0-2: Foul Ball, location: 7LSF 0-2: Strikes out swinging
|
| Top of the 6th over - 0 runs, 1 hit, 0 errors, 1 left on base; Pittsburgh 6 - Washington 4 |
| BOTTOM OF THE 6TH |
|
Washington Nationals batting - Pitching for Pittsburgh Pirates : RHP Erick Fedde
|
|
Batting: RHB Aaron Judge
|
0-0: Swinging Strike 0-1: Called Strike 0-2: Ball 1-2: Foul Ball, location: 3SF 1-2: Ball 2-2: Ball 3-2: SINGLE (Line Drive, 78S, EV 90.6 MPH)
|
|
Pitching: RHP Charlie Maxwell
|
|
|
Batting: SHB Lucius Fox Jr.
|
0-0: Ball 1-0: Ball 2-0: Foul Ball, location: 2F 2-1: Called Strike 2-2: Strikes out swinging
|
|
Batting: RHB Mathies Reuter
|
0-0: Swinging Strike 0-1: Grounds into double play, 5-4-3 (Groundball, 56, EV 89.4 MPH)
|
| Bottom of the 6th over - 0 runs, 1 hit, 0 errors, 0 left on base; Pittsburgh 6 - Washington 4 |
| TOP OF THE 7TH |
|
Pittsburgh Pirates batting - Pitching for Washington Nationals : RHP Doug Foster
|
|
Pitching: LHP Alejandro Viloria
|
|
|
Batting: RHB Cristo Avilés
|
0-0: Called Strike 0-1: Ball 1-1: Ground out 5-3 (Groundball, 56S, EV 83.1 MPH)
|
|
Batting: SHB Jeremy Bowen
|
0-0: Ball 1-0: Foul Ball, location: 5F 1-1: Foul Ball, location: 2F 1-2: Ball 2-2: Foul Ball, location: 5F 2-2: Ball 3-2: Base on Balls
|
|
Batting: RHB Pat Miller
|
0-0: Ball Jeremy Bowen steals 2nd base 1-0: Foul Ball, location: 5F 1-1: Ball 2-1: Swinging Strike 2-2: Strikes out swinging
|
|
Batting: RHB Chris Riley
|
0-0: Called Strike 0-1: Foul Ball, location: 5F 0-2: Ball 1-2: Ground out 5-3 (Groundball, 5S, EV 61.9 MPH)
|
| Top of the 7th over - 0 runs, 0 hits, 0 errors, 1 left on base; Pittsburgh 6 - Washington 4 |
| BOTTOM OF THE 7TH |
|
Washington Nationals batting - Pitching for Pittsburgh Pirates : RHP Charlie Maxwell
|
|
Pitching: RHP Joe Kaiser
|
|
|
Batting: LHB Ken Little
|
0-0: Fly out, F2 (Popup, 25F, EV 90.0 MPH)
|
|
Batting: RHB Miguel Sano
|
0-0: Called Strike 0-1: Swinging Strike 0-2: Strikes out looking
|
|
Batting: LHB Shane Mardirosian
|
0-0: Foul Ball, location: 2F 0-1: Ground out 6-3 (Groundball, 6, EV 81.9 MPH)
|
| Bottom of the 7th over - 0 runs, 0 hits, 0 errors, 0 left on base; Pittsburgh 6 - Washington 4 |
| TOP OF THE 8TH |
|
Pittsburgh Pirates batting - Pitching for Washington Nationals : LHP Alejandro Viloria
|
|
Pitching: RHP Dominic Bingham
|
|
|
Batting: RHB Mauro Rodríguez
|
0-0: Ball 1-0: Called Strike 1-1: Ball 2-1: Fly out, F7 (Flyball, 7, EV 89.4 MPH)
|
|
Batting: SHB Juan Reyes
|
0-0: Called Strike 0-1: Ball 1-1: Ball 2-1: Foul Ball, location: 2F 2-2: Ball 3-2: Strikes out swinging
|
|
Batting: LHB Brad McBride
|
0-0: Foul Ball, location: 7LMF 0-1: SINGLE (Line Drive, 89S, EV 87.5 MPH)
|
|
Batting: RHB Yasiel Puig
|
0-0: Ball 1-0: Called Strike 1-1: Ground out 5-3 (Groundball, 56S, EV 71.9 MPH)
|
| Top of the 8th over - 0 runs, 1 hit, 0 errors, 1 left on base; Pittsburgh 6 - Washington 4 |
| BOTTOM OF THE 8TH |
|
Washington Nationals batting - Pitching for Pittsburgh Pirates : RHP Joe Kaiser
|
|
Now at 3B: Jeremy Bowen
|
|
|
Now at SS: Brandon Martin
|
|
|
Batting: RHB Jeremy Austin
|
0-0: Swinging Strike 0-1: Swinging Strike 0-2: Ball 1-2: Foul Ball, location: 9LMF 1-2: Ground out 6-3 (Groundball, 6, EV 108.8 MPH)
|
|
Batting: RHB Oscar Hernandez
|
0-0: Ball 1-0: Ball 2-0: Ball 3-0: Called Strike 3-1: Base on Balls
|
|
Batting: RHB Christian Walker
|
0-0: Foul Ball, location: 23F 0-1: Ball 1-1: SINGLE (Line Drive, 8RS, EV 101.9 MPH) Oscar Hernandez to second
|
|
Batting: RHB Aaron Judge
|
0-0: Called Strike 0-1: Ball 1-1: Ball 2-1: Ball 3-1: Called Strike 3-2: Fielders Choice at 2nd, 5-4 (Groundball, 56, EV 78.1 MPH) Oscar Hernandez to third
|
|
Batting: SHB Lucius Fox Jr.
|
0-0: Ball 1-0: SINGLE (Line Drive, 4D, EV 109.4 MPH) Oscar Hernandez scores Aaron Judge to second Throwing error, E9 Aaron Judge scores Lucius Fox Jr. to second
|
|
Batting: RHB Mathies Reuter
|
0-0: Ball 1-0: Called Strike 1-1: Ground out 6-3 (Groundball, 6, EV 103.8 MPH)
|
| Bottom of the 8th over - 2 runs, 2 hits, 1 error, 1 left on base; Pittsburgh 6 - Washington 6 |
| TOP OF THE 9TH |
|
Pittsburgh Pirates batting - Pitching for Washington Nationals : RHP Dominic Bingham
|
|
Batting: LHB Ronal Reynoso
|
0-0: Ball 1-0: Foul Ball, location: 3FF 1-1: DOUBLE (Line Drive, 7LS, EV 91.9 MPH)
|
|
Batting: RHB Cristo Avilés
|
0-0: Ball 1-0: Ground out 6-3 (Groundball, 6, EV 96.3 MPH) Ronal Reynoso to third
|
|
Batting: SHB Jeremy Bowen
|
0-0: Ball 1-0: Swinging Strike 1-1: Ball 2-1: Swinging Strike 2-2: Strikes out swinging
|
|
Batting: RHB Pat Miller
|
0-0: Ball 1-0: Ball 2-0: Foul Ball, location: 9LSF 2-1: Called Strike 2-2: Strikes out swinging
|
| Top of the 9th over - 0 runs, 1 hit, 0 errors, 1 left on base; Pittsburgh 6 - Washington 6 |
| BOTTOM OF THE 9TH |
|
Washington Nationals batting - Pitching for Pittsburgh Pirates : RHP Joe Kaiser
|
|
Pitching: RHP Aaron Sanchez
|
|
|
Batting: LHB Ken Little
|
0-0: Swinging Strike 0-1: SINGLE (Groundball, 6MD, EV 106.9 MPH)
|
|
Batting: RHB Miguel Sano
|
0-0: Called Strike 0-1: Foul Ball, location: 2F 0-2: Ball 1-2: SINGLE (Groundball, 4MD, EV 102.5 MPH) Ken Little to second Runner from 2nd tries for 3rd, SAFE, throw by CF made at trailing runner, OUT! 8-3-6
|
|
Batting: LHB Shane Mardirosian
|
0-0: Called Strike 0-1: Ball 1-1: Ball 2-1: Ball 3-1: Base on Balls
|
|
Batting: RHB Jeremy Austin
|
0-0: SINGLE (Line Drive, 8LS, EV 89.4 MPH) Ken Little scores
|
| Bottom of the 9th over - 1 run, 3 hits, 0 errors, 1 left on base; Pittsburgh 6 - Washington 7 |
|